 Dungeon Crawl Stone Soup version 0.27-a0-909-g0721f309d1 (webtiles) character file.

Game seed: 1864236055560497176

23614 Lanoc the Frost Mage (level 12, -11/107 HPs)
             Began as a Troll Ice Elementalist on Apr 8, 2021.
             Was a High Priest of Sif Muna.
             Mangled by a large slime creature (34 damage)
             ... on level 12 of the Dungeon.
             The game lasted 00:28:59 (11458 turns).

Lanoc the Frost Mage (Troll Ice Elementalist)      Turns: 11458, Time: 00:29:00

Health: -11/107    AC: 11    Str: 19    XL:     12   Next: 73%
Magic:  13/17      EV: 14    Int: 21    God:    Sif Muna [*****.]
Gold:   1397       SH:  0    Dex: 16    Spells: 2/13 levels left

rFire    . . .     SeeInvis .   b - +5 demon whip (elec)
rCold    . . .     Faith    .   (no shield)
rNeg     . . .     Spirit   .   x - +0 acid dragon scales
rPois    .         Reflect  .   (helmet restricted)
rElec    .         Harm     .   e - +2 cloak
rCorr    +         Rampage  .   (gloves unavailable)
Will     .....                  (boots unavailable)
Stlth    +.........             v - amulet of regeneration
HPRegen  2.27/turn              f - +6 ring of dexterity
MPRegen  0.15/turn              K - +6 ring of intelligence

@: freezing walls
A: large, unfitting armour, claws 3, regeneration 1, shaggy fur 1, tough skin 1
a: Renounce Religion, Channel Magic, Forget Spell, Divine Exegesis


You were on level 12 of the Dungeon.
You worshipped Sif Muna.
Sif Muna was extremely pleased with you.
You visited 2 branches of the dungeon, and saw 13 of its levels.
You also visited: Sewer and Bailey.

You collected 1485 gold pieces.
You spent 88 gold pieces at shops.

Inventory:

Hand Weapons
 b - a +5 demon whip of electrocution (weapon)
 n - a +4 quarterstaff of protection
 F - the +9 dagger of Ejukk {vorpal, Will+ Str+4}
   (You found it in a bailey)

   It inflicts extra damage upon your enemies.
   It affects your strength (+4).
   It increases your willpower.
Missiles
 C - a curare-tipped dart
Armour
 e - a +2 cloak (worn)
 x - +0 acid dragon scales (worn)
Magical Staves
 a - a staff of cold
Jewellery
 f - a +6 ring of dexterity (left claw)
 t - a ring of protection from fire
 v - an amulet of regeneration (around neck)
 A - a ring of protection from cold
 I - an amulet of reflection
 K - a +6 ring of intelligence (right claw)
 M - a ring of see invisible
Wands
 u - a wand of digging (3)
 y - a wand of iceblast (3)
 B - a wand of mindburst (12)
 J - a wand of flame (1)
 N - a wand of polymorph (11)
Scrolls
 d - a scroll of fear
 g - a scroll of magic mapping {unknown}
 j - a scroll of enchant armour
 k - 2 scrolls of silence
 l - 3 scrolls of teleportation
 E - 2 scrolls of blinking {unknown}
 G - a scroll of amnesia
Potions
 c - 7 potions of might
 h - 6 potions of curing
 i - 5 potions of degeneration {unknown}
 m - a potion of attraction
 o - 5 potions of heal wounds
 p - 3 potions of resistance
 q - 2 potions of brilliance {unknown}
 r - 4 potions of flight
 s - 2 potions of magic
 w - 5 potions of mutation {unknown}
 z - 2 potions of ambrosia {unknown}
 D - a potion of invisibility
 L - a potion of cancellation {unknown}
Miscellaneous
 H - a phial of floods


   Skills:
 + Level 4.2 Fighting
 + Level 9.3 Dodging
 - Level 1.0 Stealth
 - Level 1.2 Spellcasting
 * Level 12.0 Ice Magic
 + Level 9.0 Invocations


You had 2 spell levels left.
You knew the following spells:

 Your Spells              Type           Power      Damage    Failure   Level
a - Freeze                Ice            100%       1d11      1%          1
b - Frozen Ramparts       Ice            100%       1d12      1%          3
c - Ozocubu's Armour      Ice            51%        N/A       1%          3
d - Summon Ice Beast      Ice/Summ       26%        N/A       19%         4

Your spell library contained the following spells:

 Spells                   Type           Power      Damage    Failure   Level
 Ensorcelled Hibernation  Hex/Ice        52%        N/A       2%          2
 Animate Skeleton         Necr           2%         N/A       22%         1
 Corona                   Hex            1%         N/A       22%         1
 Sandblast                Erth           2%         2d4       22%         1
 Shock                    Conj/Air       4%         1d3       22%         1
 Passwall                 Tmut/Erth      0%         N/A       32%         2
 Swiftness                Air            1%         N/A       32%         2
 Hailstorm                Conj/Ice       26%        3d7       19%         4
 Ice Form                 Ice/Tmut       26%        N/A       19%         4
 Metabolic Englaciation   Hex/Ice        13%        N/A       45%         5
 Confusing Touch          Hex            1%         N/A       54%         3
 Gell's Gravitas          Tloc           0%         N/A       54%         3
 Static Discharge         Conj/Air       1%         N/A       54%         3
 Stone Arrow              Conj/Erth      2%         3d7       54%         3
 Tukima's Dance           Hex            1%         N/A       54%         3
 Ozocubu's Refrigeration  Ice            25%        4d10      77%         7
 Airstrike                Air            0%         N/A       91%         4
 Dispel Undead            Necr           1%         3d6       91%         4
 Fulminant Prism          Conj/Hex       0%         3d6       91%         4
 Passage of Golubria      Tloc           N/A        N/A       91%         4
 Petrify                  Tmut/Erth      1%         N/A       91%         4
 Simulacrum               Ice/Necr       13%        N/A       95%         6
 Bolt of Magma            Conj/Fire/Erth 0%         4d4       99%         5
 Fireball                 Conj/Fire      0%         3d3       99%         5
 Iskenderun's Battlesphe  Conj           1%         2d6       99%         5
 Lee's Rapid Deconstruct  Erth           0%         3d5*      99%         5
 Lightning Bolt           Conj/Air       0%         1d11      99%         5
 Manifold Assault         Tloc           1%         N/A       99%         5
 Yara's Violent Unravell  Hex/Tmut       0%         3d3       99%         5
 Freezing Cloud           Conj/Ice/Air   9%         6-21      99%         6
 Iron Shot                Conj/Erth      0%         9d1       100%        6
 Orb of Destruction       Conj           0%         N/A       100%        7
 Spellforged Servitor     Conj/Summ      0%         N/A       100%        7


Dungeon Overview and Level Annotations

Branches:
Dungeon (12/15)            Temple (1/1) D:5            Lair (0/6) D:10
    Orc (0/2) D:10          Sewer (visited)          Bailey (visited)

Altars:
Ashenzari
Cheibriados
Fedhas
Okawaru
Qazlal
Ru
Sif Muna
Trog
Uskayaw
Vehumet
Wu Jian
Yredelemnul
Zin
The Shining One

Shops:
D:5 *


Innate Abilities, Weirdness & Mutations

You are too large for most types of armour.
You have claws for hands.
Your natural rate of healing is unusually fast.
You are covered in fur. (AC +1)
You have tough skin. (AC +1)


Message History

The large slime creature barely misses you.
The wall freezes the slime creature.
The slime creature misses you.
You whack the large slime creature!
The large slime creature is heavily wounded.
The wall freezes the large slime creature.
The large slime creature hits you!!
The wall freezes the slime creature!
The slime creature hits you.
You hit the large slime creature.
Lightning courses through the large slime creature!
The large slime creature is severely wounded.
The wall freezes the large slime creature!
The large slime creature hits you.
The wall freezes the slime creature.
The slime creature closely misses you.
You whack the large slime creature!
The large slime creature is almost dead.
The wall freezes the large slime creature.
The large slime creature hits you!!
The wall freezes the slime creature!
The slime creature hits you.
You are too injured to fight recklessly!
You are too injured to fight recklessly!
You hit the large slime creature.
The large slime creature is almost dead.
The frozen ramparts melt away.
The large slime creature completely misses you.
The slime creature hits you!
* * * LOW HITPOINT WARNING * * *
Casting: Frozen Ramparts (safe; 1% risk of failure)
Confirm with . or Enter, or press ? or * to list all spells.
Casting: Frozen Ramparts (safe; 1% risk of failure)
Press: ? - help, Dir - look around, f - activate The walls around you are covered in ice.
The wall freezes the large slime creature!
The large slime creature hits you but does no damage.
The wall freezes the slime creature!
The slime creature hits you!
* * * LOW HITPOINT WARNING * * *
You barely miss the large slime creature.
The large slime creature is almost dead.
The wall freezes the large slime creature.
The large slime creature hits you!!
You die...

## #...#.##### # #.
#####.## # #.. #...#
##### #.. #...# #.... ...
#...####.### . #.#
#...#....... #..
#.#######...#.##.##.
.....#J#.............##.
.......J@.............##.
#.....###.............##.
##...# ######...#.#####.
##.# #)............ #.
#.#...#.####.. #
#.#...#.##....
#.#...........
#.#####.##.... #######
#..<....###...


You could see a large slime creature and a slime creature.

Vanquished Creatures
  2 boulder beetles
  A centaur warrior (D:8)
  A hydra (D:8)
  4 two-headed ogres
  A wizard (D:12)
  An orc knight (D:12)
  3 ugly things (D:12)
  A cyclops (D:11)
  2 manticores
  Joseph (D:8)
  A gargoyle (D:8)
  A komodo dragon (D:9)
  Maggie (D:6)
  An efreet (D:8)
  An unseen horror (D:10)
  2 kobold demonologists
  7 trolls
  Grinder (D:6)
  Prince Ribbit (D:6)
  9 slime creatures
  A shadow (D:9)
  A wraith (D:11)
  4 wyverns
  2 yaks (D:12)
  A basilisk (D:12)
  A steam dragon (D:8)
  A vampire mosquito (D:10)
  2 acid dragons
  The ghost of bmj180 the Digger, an amateur GrEE (D:4)
  2 water moccasins
  2 ice beasts
  5 orc warriors
  3 black bears
  A sky beast (D:8)
  2 necrophages
  5 ogres
  5 centaurs
  The ghost of Lanoc the Cudgeller, an amateur GrMo (D:3)
  3 phantoms
  4 kobold brigands (D:8)
  A bullfrog (D:8)
  A wyvern zombie (D:8)
  A scorpion (D:5)
  A wyvern skeleton (D:4)
  24 killer bees
  A water moccasin skeleton (D:6)
  2 wights (D:8)
  5 electric eels
  3 bullfrog zombies
  5 centaur zombies
  A jelly (D:4)
  2 bullfrog skeletons (D:5)
  2 gnoll shamans
  A centaur skeleton (D:6)
  2 hounds
  5 orc priests
  Crazy Yiuf (D:2)
  3 iguanas
  11 orc wizards
  Natasha (thrice) (D:3)
  A scorpion zombie (D:5)
  A killer bee zombie (D:5)
  A hound zombie (D:5)
  2 hound skeletons (D:4)
  A howler monkey zombie (D:11)
  8 gnolls
  A howler monkey skeleton (D:7)
  5 adders
  A river rat (Sewer)
  A shadow imp (D:3)
  A white imp (D:3)
  An ufetubus (D:4)
  2 adder skeletons (D:4)
  2 worms
  A dart slug (D:3)
  39 orcs
  8 ball pythons
  4 bats
  10 endoplasms
  7 giant cockroaches
  18 goblins
  12 hobgoblins
  2 jackals (D:4)
  32 kobolds
  8 quokkas
  15 frilled lizards
  10 rats
  A spectral orc (D:5)
359 creatures vanquished.

Vanquished Creatures (collateral kills)
  An orc warlord (Bailey)
  A quokka (D:3)
2 creatures vanquished.

Vanquished Creatures (others)
  A wizard (D:6)
  6 plants (D:9)
7 creatures vanquished.

Grand Total: 368 creatures vanquished

Notes
Turn   | Place    | Note
-------+----------+-------------------------------------------
     0 | D:1      | Lanoc the Troll Ice Elementalist began the quest for the
                  | Orb.
     0 | D:1      | Reached XP level 1. HP: 16/16 MP: 1/1
    31 | D:1      | Reached skill level 3 in Ice Magic
    94 | D:1      | Reached XP level 2. HP: 24/24 MP: 2/2
   590 | D:2      | Reached XP level 3. HP: 20/31 MP: 3/3
   653 | D:2      | Learned a level 3 spell: Frozen Ramparts
   972 | D:2      | Found a runed translucent door.
   973 | D:2      | Noticed Crazy Yiuf
  1178 | D:2      | Killed Crazy Yiuf
  1179 | D:2      | Reached XP level 4. HP: 7/39 MP: 0/4
  1240 | D:3      | Noticed Lanoc's ghost (amateur GrMo)
  1245 | D:3      | Found a transporter.
  1253 | D:3      | Reached skill level 4 in Ice Magic
  1281 | D:3      | Found a glowing drain.
  1299 | Sewer    | Entered a sewer
  1640 | D:3      | Noticed Natasha
  1648 | D:3      | Killed Natasha
  1649 | D:3      | Reached XP level 5. HP: 37/45 MP: 5/5
  1732 | D:3      | Found a transporter.
  1742 | D:3      | Found a faded altar of an unknown god.
  1746 | D:3      | Became a worshipper of Sif Muna the Loreminder
  1746 | D:3      | Reached * piety under Sif Muna
  1779 | D:3      | Found a broken altar of Ashenzari.
  2087 | D:3      | Found a glowing silver altar of Zin.
  2087 | D:3      | Found a radiant altar of Vehumet.
  2087 | D:3      | Noticed Natasha
  2091 | D:3      | Killed Natasha
  2099 | D:3      | Found a sacrificial altar of Ru.
  2102 | D:3      | Found an iron altar of Okawaru.
  2299 | D:3      | Noticed Natasha
  2307 | D:3      | Killed Natasha
  2398 | D:3      | Found a snail-covered altar of Cheibriados.
  2540 | D:3      | Killed Lanoc's ghost
  2541 | D:3      | Reached skill level 5 in Ice Magic
  2541 | D:3      | Reached XP level 6. HP: 39/53 MP: 2/6
  2566 | D:3      | Reached ** piety under Sif Muna
  2647 | D:4      | Identified the +3 hunting sling "Gram" {freeze, *Slow +Inv
                  | rPois}
  2762 | D:4      | Found a transporter.
  2762 | D:4      | Noticed bmj180's ghost (amateur GrEE)
  2770 | D:4      | Found a transporter.
  3203 | D:4      | Reached XP level 7. HP: 54/59 MP: 3/7
  3572 | D:4      | Reached skill level 1 in Invocations
  3583 | D:4      | Killed bmj180's ghost
  3584 | D:4      | Reached skill level 6 in Ice Magic
  3683 | D:5      | Entered Level 5 of the Dungeon
  3695 | D:5      | Reached XP level 8. HP: 67/67 MP: 8/8
  3791 | D:5      | Reached *** piety under Sif Muna
  3962 | D:5      | Found an ornate altar of the Wu Jian Council.
  4082 | D:5      | Found a staircase to the Ecumenical Temple.
  4146 | Temple   | Entered the Ecumenical Temple
  4546 | D:5      | Found Veacsia's General Store.
  4551 | D:5      | Bought a potion of heal wounds for 55 gold pieces
  4551 | D:5      | Bought a scroll of teleportation for 33 gold pieces
  4609 | D:5      | Found a basalt altar of Yredelemnul.
  4891 | D:6      | Reached skill level 5 in Dodging
  4891 | D:6      | Reached skill level 7 in Ice Magic
  4952 | D:6      | Noticed Grinder
  4978 | D:6      | Killed Grinder
  5056 | D:6      | Found a bloodstained altar of Trog.
  5057 | D:6      | Noticed a wizard
  5062 | D:6      | Killed a wizard
  5113 | D:6      | Found a stormy altar of Qazlal.
  5157 | D:6      | Noticed Maggie
  5172 | D:6      | Killed Maggie
  5173 | D:6      | Reached XP level 9. HP: 31/74 MP: 4/10
  5595 | D:6      | Noticed Prince Ribbit
  5606 | D:6      | Killed Prince Ribbit
  5765 | D:6      | Found a blossoming altar of Fedhas.
  5914 | D:6      | Reached skill level 8 in Ice Magic
  6475 | D:7      | Reached **** piety under Sif Muna
  6498 | D:7      | Reached skill level 5 in Invocations
  7079 | D:8      | Reached XP level 10. HP: 67/81 MP: 6/13
  7168 | D:8      | Noticed Joseph
  7183 | D:8      | Killed Joseph
  7184 | D:8      | Reached skill level 9 in Ice Magic
  7617 | D:8      | Noticed a manticore
  7629 | D:8      | Killed a manticore
  7737 | D:8      | Noticed a two-headed ogre
  7738 | D:8      | Noticed an eight-headed hydra
  7750 | D:8      | Killed an eight-headed hydra
  7753 | D:8      | Noticed a centaur warrior
  7755 | D:8      | Killed a two-headed ogre
  7756 | D:8      | Reached skill level 10 in Ice Magic
  7769 | D:8      | Killed a centaur warrior
  7770 | D:8      | Reached XP level 11. HP: 44/88 MP: 5/15
  7777 | D:8      | Noticed a boulder beetle
  7794 | D:8      | Killed a boulder beetle
  7921 | D:8      | Identified the Guide on Excruciating Necromancy
  8126 | D:9      | Reached ***** piety under Sif Muna
  8282 | D:9      | Learned a level 3 spell: Ozocubu's Armour
  8287 | D:9      | Learned a level 4 spell: Summon Ice Beast
  8373 | D:9      | Identified Ygeopy's Incunabulum of Ensnaring Orientation
                  | (Sif Muna gifted it to you on level 9 of the Dungeon)
  8373 | D:9      | Received a gift from Sif Muna
  8551 | D:9      | Noticed a sun demon
  8781 | D:9      | Found a glowing golden altar of the Shining One.
  9081 | D:10     | Entered Level 10 of the Dungeon
  9125 | D:10     | Noticed a +0 dagger
  9125 | D:10     | Noticed a +0 dagger
  9127 | D:10     | Found a hide-covered altar of Uskayaw.
  9231 | D:10     | Identified the +7 plate armour "Iwocuxzosha" {rElec rPois
                  | Will+++ Str-5}
  9268 | D:10     | Found a flagged portal.
  9280 | D:10     | Reached skill level 1 in Fighting
  9293 | Bailey   | Entered a bailey
  9298 | Bailey   | Noticed an orc warlord
  9366 | Bailey   | Found a runed translucent gate.
  9366 | Bailey   | Found a runed translucent gate.
  9366 | Bailey   | Found a runed translucent gate.
  9548 | Bailey   | Killed an orc warlord
  9549 | Bailey   | Reached skill level 11 in Ice Magic
  9608 | Bailey   | Identified the +9 dagger of Ejukk {vorpal, Will+ Str+4}
  9627 | D:10     | Identified 2 scrolls of acquirement
  9627 | D:10     | Acquired a staff of cold
  9630 | D:10     | Acquired 646 gold pieces
  9739 | D:10     | Found a staircase to the Lair.
  9987 | D:10     | Found a staircase to the Orcish Mines.
 10271 | D:11     | Reached XP level 12. HP: 104/104 MP: 14/17
 10330 | D:11     | Noticed a two-headed ogre
 10337 | D:11     | Killed a two-headed ogre
 10665 | D:12     | Received a gift from Sif Muna
 10916 | D:12     | Noticed a two-headed ogre
 10920 | D:12     | Killed a two-headed ogre
 10973 | D:12     | Noticed a boulder beetle
 10984 | D:12     | Killed a boulder beetle
 11204 | D:12     | HP: 2/107 [white ugly thing (26)]
 11306 | D:12     | Noticed a two-headed ogre
 11315 | D:12     | Killed a two-headed ogre
 11427 | D:12     | Reached skill level 12 in Ice Magic
 11458 | D:12     | Mangled by a large slime creature

Illustrated notes

Levels and vault maps discovered:
D:1:      heliophobic_arrival_glass_houses, layout_rooms
D:2:      layout_rooms, minmay_box_of_dots, uniq_crazy_yiuf_cottage
D:3:      layout_basic, nicolae_ashenzari_panopticon,
          grunt_temple_overflow_cloverleaf, chei_slow_surprise,
          portal_sewer_entry_f, ebering_ecumenical_altar_box,
          gammafunk_ghost_arena, uniq_natasha
D:4:      layout_loops_cross, gammafunk_ghost_mausoleum, minmay_pentangle
D:5:      layout_loops_corners, yredelemnul_forgotten_temple_becter,
          nzn_wu_jian_contemplation, minmay_temple_entry_slanted, serial_shops,
          shop
D:6:      layout_basic, fedhas_altar_2, general_overflow_altar, trog_wizard,
          serial_co_window_serial, co_window_paths_b, co_window_paths_a,
          co_window_corner_a, co_window_paths_b, co_window_corner_a,
          co_window_broadway_c, co_window_broadway_a, co_window_2corner,
          co_window_paths_c, glass_columns_a, glass_columns_a, glass_columns_b,
          uniq_grinder, uniq_prince_ribbit1, uniq_maggie
D:7:      layout_rooms, grunt_decor_resistance
D:8:      hangedman_cross_veins, layout_rooms, uniq_joseph
D:9:      layout_basic, tso_oasis_becter, serial_bayou, serial_bayou_lagoon_a,
          serial_bayou_pond_a, serial_bayou_pond_a, serial_bayou_pond_d
D:10:     layout_basic, dancing_weapons_uskayaw, lair_entry_dummy, orc_0_dummy,
          enter_bailey_5, serial_bayou_ford_a, st_stairs_6
D:11:     layout_rooms
D:12:     minmay_chambers_of_sixes, layout_loops_cross, disabler_island
Temple:   nicolae_temple_figure_zero

Skill      XL: |  1  2  3  4  5  6  7  8  9 10 11 12 |
---------------+-------------------------------------+-----
Ice Magic      | 3 4 5 6 7 8 10 11 12 | 12.0
Dodging        | 2 3 4 5 6 7 8 9 |  9.3
Invocations    | 2 3 5 6 8 9 |  9.0
Fighting       | 2 4 |  4.2
Stealth        | |  1.0
Spellcasting   | |  1.2

Action                   |  1- 3 |  4- 6 |  7- 9 | 10-12 || total
-------------------------+-------+-------+-------+-------++-------
Melee: Unarmed           |   109 |       |       |       ||   109
       Quarterstaff      |       |    65 |       |       ||    65
       Demon whip        |       |    92 |   237 |   345 ||   674
       Staff             |       |       |       |     4 ||     4
 Cast: Freeze            |     2 |       |       |     4 ||     6
       Frozen Ramparts   |     1 |     8 |    45 |    72 ||   126
       Ozocubu's Armour  |       |       |       |     1 ||     1
       Summon Ice Beast  |       |       |       |     1 ||     1
Evoke: Wand              |       |       |       |    23 ||    23
  Use: Scroll            |       |     6 |     2 |    15 ||    23
       Potion            |       |       |     2 |     8 ||    10
 Stab: Sleeping          |     6 |     5 |     2 |       ||    13
       Distracted        |       |       |       |     2 ||     2
Armor: Robe              |    29 |    55 |    36 |       ||   120
       Acid dragon scale |       |       |    48 |   183 ||   231
Dodge: Dodged            |    48 |    71 |   134 |   291 ||   544

Table legend: (Time is in decaauts)
 A = Elapsed time spent in this place.
 B = Non-inter-level travel time spent in this place.
 C = Inter-level travel time spent in this place.
 D = Time resting spent in this place.
 E = Time spent auto-exploring this place.
 F = Levels seen in this place.
 G = Mean time per level.
                   A        B        C        D        E       F      G
               +--------+--------+--------+--------+--------+-----+--------+
         Total |  11603 |  11214 |    389 |     53 |   8539 |  15 |  773.5 |
       Dungeon |  10886 |  10497 |    389 |     53 |   8166 |  12 |  907.2 |
        Temple |      1 |      1 |      0 |      0 |      0 |   1 |    1.0 |
         Sewer |    378 |    378 |      0 |      0 |    258 |   1 |  378.0 |
        Bailey |    336 |    336 |      0 |      0 |    115 |   1 |  336.0 |
               +--------+--------+--------+--------+--------+-----+--------+

Top non-repeatable levels by time:
     D:6: 1437 daAuts
     D:5: 1146 daAuts
     D:8: 1095 daAuts
     D:4: 1078 daAuts
     D:3: 1064 daAuts
     D:9: 1022 daAuts
    D:12: 822 daAuts
     D:7: 733 daAuts
     D:2: 693 daAuts
    D:11: 642 daAuts
    D:10: 610 daAuts
     D:1: 538 daAuts
   Sewer: 378 daAuts
  Bailey: 336 daAuts
  Temple: 1 daAuts
